 Dungeon Crawl Stone Soup version 0.30-a0-451-ge042605de7 (webtiles) character file.

Game seed: 13201754903987557948

80 NinjaNoafa the Ducker (level 4, -1/35 HPs)
             Began as a Merfolk Gladiator on Dec 11, 2022.
             Slain by a gnoll
             ... wielding a +0 halberd
              (9 damage)
             ... on level 2 of the Dungeon.
             The game lasted 00:02:18 (1232 turns).

NinjaNoafa the Ducker (Merfolk Gladiator)           Turns: 1232, Time: 00:02:18

Health: -1/35      AC:  5    Str: 14    XL:     4   Next: 39%
Magic:  4/4        EV: 14    Int:  7    God:
Gold:   74         SH:  0    Dex: 17    Spells: 3/3 levels left

rFire   . . .      SeeInvis .    n - +1 short sword (venom)
rCold   . . .      Faith    .    (no shield)
rNeg    . . .      Spirit   .    b - +0 leather armour
rPois   .          Reflect  .    c - +0 helmet
rElec   .          Harm     .    (no cloak)
rCorr   .          Rampage  .    (no gloves)
Will    .....                    f - +0 pair of boots
Stlth   +.........               (no amulet)
HPRegen 0.25/turn                (no ring)
MPRegen 0.09/turn                (no ring)

@: no status effects
A: (nimble swimmer 2), mertail
a: no special abilities


You were on level 2 of the Dungeon.
You visited 1 branch of the dungeon, and saw 2 of its levels.

You collected 74 gold pieces.

Inventory:

Hand Weapons
 a - a +0 rapier
 n - a +1 short sword of venom (weapon)
Missiles
 d - a throwing net (quivered)
 g - 11 stones
 o - 4 poisoned darts
Armour
 b - a +0 leather armour (worn)
 c - a +0 helmet (worn)
 f - a +0 pair of boots (worn)
Scrolls
 i - a scroll of brand weapon {unknown}
 j - 2 scrolls of identify {unknown}
 k - a scroll of immolation {unknown}
 m - a scroll of poison {unknown}
Potions
 h - a potion of brilliance {unknown}
 l - 2 potions of heal wounds {unknown}


   Skills:
 + Level 3.3 Fighting
 + Level 4.6 Short Blades
 - Level 2.0 Throwing
 + Level 5.0 Dodging


You had 3 spell levels left.
You didn't know any spells.
Your spell library contained the following spells:

 Spells                   Type           Power      Damage    Failure   Level
 Hailstorm                Conj/Ice       0%         3d3       87%         3
 Ice Form                 Ice/Tmut       0%         N/A       99%         4
 Simulacrum               Ice/Necr       0%         N/A       100%        6


Dungeon Overview and Level Annotations

Branches:
Dungeon (2/15)

Altars:


Innate Abilities, Weirdness & Mutations

((You are very nimble when in or above water. (Stealth+, EV+, Speed+++)))
Your lower body shifts to a powerful aquatic tail in water.


Message History

The javelin pierces through the gnoll but does no damage.
The gnoll misses you.
Throw: 3 throwing nets
Press: ? - help, Q - select action, (/) - cycle Shift-Dir - straight line, f/p - gnoll
Aim: a gnoll, wielding a +0 spear (65% to hit)
You throw a throwing net.
The throwing net closely misses the gnoll.
The gnoll closely misses you.
Throw: 2 throwing nets
Press: ? - help, Q - select action, (/) - cycle Shift-Dir - straight line, f/p - gnoll
Aim: a gnoll, wielding a +0 spear (65% to hit)
You throw a throwing net. The throwing net hits the gnoll.
The gnoll is caught in the net!
The gnoll struggles against the net.
A gnoll comes into view. It is wielding a +0 halberd.
The gnoll struggles against the net.
The gnoll shouts!
You hit the gnoll.
The gnoll is moderately wounded.
The gnoll struggles against the net.
You hit the gnoll but do no damage.
The gnoll is poisoned.
The gnoll is moderately wounded.
The gnoll struggles against the net.
You hit the gnoll.
The gnoll looks as sick as possible!
The gnoll is severely wounded.
You catch the helpless gnoll completely off-guard!
You hit the gnoll.
You kill the gnoll!
The gnoll misses you. The gnoll barely misses you.
Things that are here:
a +0 spear; a throwing net; a javelin You hit the gnoll.
The gnoll is poisoned.
The gnoll is heavily wounded.
The gnoll hits you with a +0 halberd!
* * * LOW HITPOINT WARNING * * *
You barely miss the gnoll.
The gnoll is heavily wounded.
The gnoll hits you with a +0 halberd!
You die...

#..#.#..# #...#
#....#..#######...####
..##...†...#.............
.........................
..##.......#............÷
. ####.#########.....###
#.## ##.......## #).#
#.....÷...# ##@#
#####.......## #g#
#...........## #.#
#.###.#...#... ..# #.#
#.##.##.## ### #.#
#......... ###.#
##........
#...####.####...
#........# #.>.
#...###### #...


You could see a gnoll (very poisoned).

Vanquished Creatures
  3 gnolls (D:2)
  6 endoplasms
  A giant cockroach (D:1)
  5 goblins
  3 hobgoblins (D:1)
  10 jackals
  A kobold (D:2)
  2 quokkas
  3 ball pythons
  3 bats
  3 frilled lizards (D:1)
  6 rats
46 creatures vanquished.

Notes
Turn   | Place    | Note
-------+----------+-------------------------------------------
     0 | D:1      | NinjaNoafa the Merfolk Gladiator began the quest for the
                  | Orb.
     0 | D:1      | Reached XP level 1. HP: 16/16 MP: 1/1
   219 | D:1      | Reached XP level 2. HP: 23/23 MP: 2/2
   390 | D:1      | Reached XP level 3. HP: 23/28 MP: 3/3
  1213 | D:2      | Reached XP level 4. HP: 23/35 MP: 4/4
  1220 | D:2      | Reached skill level 5 in Dodging
  1232 | D:2      | Slain by a gnoll

Illustrated notes

Levels and vault maps discovered:
D:1:      giann_horns, layout_loops_ring
D:2:      layout_loops_cross

Skill      XL: |  1  2  3  4 |
---------------+-------------+-----
Short Blades   | 4 |  4.6
Fighting       | 3 |  3.3
Dodging        | 5 |  5.0
Throwing       | |  2.0

Action                   |  1- 3 |  4- 6 || total
-------------------------+-------+-------++-------
Melee: Rapier            |   111 |       ||   111
       Short sword       |    17 |     9 ||    26
       Punch             |     1 |       ||     1
Throw: Javelin           |     2 |     1 ||     3
       Throwing net      |       |     2 ||     2
 Stab: Distracted        |     1 |       ||     1
       Sleeping          |     2 |       ||     2
       Held in net/web   |       |     1 ||     1
Armor: Leather armour    |    50 |       ||    50
Dodge: Dodged            |    86 |     5 ||    91

Table legend: (Time is in decaauts)
 A = Elapsed time spent in this place.
 B = Non-inter-level travel time spent in this place.
 C = Inter-level travel time spent in this place.
 D = Time resting spent in this place.
 E = Time spent auto-exploring this place.
 F = Levels seen in this place.
 G = Mean time per level.
                   A        B        C        D        E       F      G
               +--------+--------+--------+--------+--------+-----+--------+
         Total |   1225 |   1215 |     10 |      0 |    881 |   2 |  612.5 |
       Dungeon |   1225 |   1215 |     10 |      0 |    881 |   2 |  612.5 |
               +--------+--------+--------+--------+--------+-----+--------+

Top non-repeatable levels by time:
     D:1: 926 daAuts
     D:2: 299 daAuts
